 Dungeon Crawl Stone Soup version 0.28-a0-723-g095bd1b44f (webtiles) character file.

Game seed: 14104584709951431376

19 flotson the Sneak (level 2, -1/24 HPs)
             Began as a Demonspawn Delver on Oct 25, 2021.
             Slain by a kobold brigand (7 damage)
             ... in a sewer on Oct 26, 2021.
             The game lasted 00:03:12 (1052 turns).

flotson the Sneak (Demonspawn Delver)               Turns: 1052, Time: 00:03:12

Health: -1/24      AC:  4    Str: 12    XL:     2   Next: 55%
Magic:  2/2        EV: 12    Int: 11    God:
Gold:   26         SH:  0    Dex: 14    Spells: 1/1 levels left

rFire   . . .      SeeInvis .   b - +0 scimitar
rCold   . . .      Faith    .   (no shield)
rNeg    . . .      Spirit   .   i - +0 leather armour
rPois   .          Reflect  .   (no helmet)
rElec   .          Harm     .   (no cloak)
rCorr   .          Rampage  .   (no gloves)
Will    .....                   (no boots)
Stlth   +++.......              (no amulet)
HPRegen 0.08/turn               (no ring)
MPRegen 0.08/turn               (no ring)

@: no status effects
A: rugged brown scales 1
a: no special abilities


You were in a sewer.
You visited 1 branch of the dungeon, and saw 3 of its levels.
You also visited: Sewer.

You collected 26 gold pieces.

Inventory:

Hand Weapons
 a - a +0 hand axe
 b - a +0 scimitar (weapon)
Armour
 i - a +0 leather armour (worn)
Wands
 g - a wand of digging (3)
Scrolls
 c - a scroll of fog
 e - a scroll of fear
 h - a scroll of teleportation {unknown}


   Skills:
 + Level 3.2 Fighting
 - Level 1.8 Axes
 + Level 0.5 Armour
 + Level 2.1 Dodging
 - Level 4.7 Stealth


You had one spell level left.
You didn't know any spells.
Your spell library was empty.

Dungeon Overview and Level Annotations

Branches:
Dungeon (5/15)              Sewer (1/1)
 Temple: D:4-7

Altars:

Annotations:
D:4 Sigmund


Innate Abilities, Weirdness & Mutations

You are partially covered in rugged brown scales. (AC +1, +3% HP)


Message History

A kobold brigand breaks down the door.
Unknown command.
You closely miss the kobold brigand. You closely miss the kobold brigand.
You hit the kobold brigand but do no damage.
The kobold brigand barely misses you. The kobold closely misses you.
The kobold brigand hits you with a +0 dagger.
The kobold hits you with a +0 dagger.
You closely miss the kobold brigand. The kobold brigand misses you.
The kobold barely misses you.
You barely miss the kobold brigand.
The kobold brigand hits you with a +0 dagger.
The kobold barely misses you.
The kobold brigand hits you but does no damage.
You barely miss the kobold brigand. The kobold hits you but does no damage.
The kobold brigand hits you with a +0 dagger.
The kobold misses you.
You slash the kobold brigand!
The kobold brigand is moderately wounded.
The kobold brigand completely misses you.
The kobold closely misses you.
You hit the kobold brigand.
The kobold brigand is heavily wounded.
The kobold brigand hits you but does no damage.
The kobold hits you but does no damage. The kobold brigand barely misses you.
The kobold hits you with a +0 dagger.
You slash the kobold brigand!
The kobold brigand is severely wounded.
The kobold brigand hits you but does no damage.
The kobold barely misses you.
You hit the kobold brigand.
The kobold brigand is almost dead.
The kobold brigand barely misses you. The kobold closely misses you.
The kobold brigand hits you with a +0 dagger.
You hit the kobold brigand.
The kobold brigand is almost dead.
The kobold hits you with a +0 dagger.
* * * LOW HITPOINT WARNING * * *
The kobold brigand hits you with a +0 dagger!
You die...

##### ###..∩# #####
#...######†..#### # #
...#####..†.....## .#.!#
....##..........@#..K..#
....†...........KK....#
..........≈≈.≈≈≈.#.....#
≈≈≈≈..≈....≈≈≈≈≈≈#..#.!#
.≈≈≈≈≈≈≈≈≈≈≈≈≈≈≈≈# ## ##
≈≈≈≈≈≈≈≈≈≈≈≈≈≈≈≈≈≈≈
≈≈≈≈≈≈≈≈≈≈≈≈≈≈≈≈≈≈≈≈
≈≈≈≈≈≈≈≈≈≈≈≈≈≈≈≈≈≈≈≈≈
≈.≈≈≈≈≈≈≈≈≈≈≈≈≈≈≈≈≈≈≈


You could see a kobold brigand and a kobold.

Vanquished Creatures
  A dart slug (D:5)
  A ball python (D:4)
  3 goblins
  2 hobgoblins (D:4)
  3 jackals
  2 quokkas
  4 rats (Sewer)
16 creatures vanquished.

Notes
Turn   | Place    | Note
-------+----------+-------------------------------------------
     0 | D:5      | flotson the Demonspawn Delver began the quest for the Orb.
     0 | D:5      | Reached XP level 1. HP: 18/18 MP: 1/1
    21 | D:5      | Noticed a water moccasin
   377 | D:4      | Gained mutation: You are partially covered in rugged brown
                  | scales. (AC +1, +3% HP) [demonic ancestry]
   377 | D:4      | Reached XP level 2. HP: 14/24 MP: 2/2
   627 | D:4      | Noticed Sigmund
   708 | D:3      | Found a glowing drain.
   717 | Sewer    | Entered a sewer
  1038 | Sewer    | Noticed a kobold brigand
  1052 | Sewer    | Slain by a kobold brigand

Illustrated notes

Levels and vault maps discovered:
D:3:      kennysheep_slugbush, layout_basic, cheibrodos_sewer_entry_drain,
          shapermc_ecumenical_altar_mp_ritualfount, grunt_ministairs_1
D:4:      layout_rooms, uniq_sigmund
D:5:      layout_loops_ring, nemelex_xobeh_ov_fountains_minmay, bloody_trog,
          chequers_serial_rivers_large_a, goddamned_bats
Sewer:    sewer_minmay_treatment

Skill      XL: |  1 |
---------------+----+-----
Dodging        | 2 |  2.1
Fighting       | |  3.2
Axes           | |  1.8
Armour         | |  0.5
Stealth        | |  4.7

Action                   || total
-------------------------++-------
Melee: Hand axe          ||    25
       Scimitar          ||    43
  Use: Scroll            ||     1
       Potion            ||     1
Armor: Leather armour    ||    29
Dodge: Dodged            ||    53

Table legend: (Time is in decaauts)
 A = Elapsed time spent in this place.
 B = Non-inter-level travel time spent in this place.
 C = Inter-level travel time spent in this place.
 D = Time resting spent in this place.
 E = Time spent auto-exploring this place.
 F = Levels seen in this place.
 G = Mean time per level.
                   A        B        C        D        E       F      G
               +--------+--------+--------+--------+--------+-----+--------+
         Total |   1059 |   1043 |     16 |    491 |    262 |   4 |  264.8 |
       Dungeon |    717 |    701 |     16 |    237 |    218 |   3 |  239.0 |
         Sewer |    341 |    341 |      0 |    254 |     44 |   1 |  341.0 |
               +--------+--------+--------+--------+--------+-----+--------+

Top non-repeatable levels by time:
     D:4: 364 daAuts
   Sewer: 341 daAuts
     D:5: 314 daAuts
     D:3: 39 daAuts
